 Dungeon Crawl Stone Soup version 0.21.1-1-g345015fe64 (webtiles) character file.

366 Mrkan the Covered (level 6, -13/55 HPs)
             Began as a Minotaur Fighter on May 4, 2018.
             Was a Follower of Wu Jian.
             Mangled by a two-headed ogre
             ... wielding a +0 dire flail
              (19 damage)
             ... on level 7 of the Dungeon.
             The game lasted 00:08:58 (3780 turns).

Mrkan the Covered (Minotaur Fighter)                Turns: 3780, Time: 00:08:59

Health: -13/55     AC:  8    Str: 23    XL:     6   Next: 40%
Magic:  5/5        EV:  8    Int:  5    God:    Wu Jian [*.....]
Gold:   107        SH: 10    Dex:  9    Spells: 5/5 levels left

rFire    . . .     SeeInvis .   a - +0 war axe
rCold    . . .     Gourm    .   c - +0 shield
rNeg     . . .     Faith    .   b - +0 scale mail
rPois    .         Spirit   .   (helmet restricted)
rElec    .         Reflect  .   (no cloak)
rCorr    .         Harm     .   i - +0 pair of gloves
MR       .....                  (no boots)
Stlth    ..........             (no amulet)
HPRegen  0.18/turn              (no ring)
MPRegen  0.09/turn              (no ring)

@: no status effects
A: retaliatory headbutt, horns 2
a: Renounce Religion


You were on level 7 of the Dungeon.
You worshipped Wu Jian.
Wu Jian was aware of your devotion.
You were not hungry.

You visited 1 branch of the dungeon, and saw 5 of its levels.

You collected 107 gold pieces.

Inventory:

Hand Weapons
 a - a +0 war axe (weapon)
 q - a +0 hand axe of freezing
Armour
 b - a +0 scale mail (worn)
 c - a +0 shield (worn)
 i - a +0 pair of gloves (worn)
 o - a +0 cloak
 t - a +2 pair of boots
Jewellery
 g - a +3 ring of evasion {unknown}
 h - an uncursed ring of stealth
Scrolls
 e - 2 scrolls of fear {unknown}
 j - 2 scrolls of teleportation {unknown}
 k - 2 scrolls of remove curse {unknown}
 l - a scroll of amnesia {unknown}
 m - 6 scrolls of identify
 r - a scroll of fog {unknown}
 u - a scroll of noise {unknown}
Potions
 d - a potion of might
 n - a potion of heal wounds
 p - 2 potions of curing {unknown}
 s - a potion of degeneration {unknown}
Comestibles
 f - 7 rations


   Skills:
 + Level 4.8 Fighting
 + Level 4.8 Axes
 + Level 5.6 Armour
 + Level 0.2 Stealth
 + Level 5.3 Shields


You had 5 spell levels left.
You didn't know any spells.

Dungeon Overview and Level Annotations

Branches:
Dungeon (4/15)
 Temple: D:4-7

Altars:
Elyvilon
Qazlal
Sif Muna
Vehumet
Wu Jian
Xom


Innate Abilities, Weirdness & Mutations

You reflexively headbutt those who attack you in melee.
You have a pair of horns on your head.


Message History

The two-headed ogre is heavily wounded.
The two-headed ogre hits you with a dire flail.
The two-headed ogre hits you but does no damage.
You lunge at the two-headed ogre, but your attack speed is too slow for a blow to land.
The two-headed ogre hits you with a dire flail!
The two-headed ogre hits you with a giant spiked club.
You hit the two-headed ogre but do no damage.
You headbutt the two-headed ogre.
The two-headed ogre is heavily wounded.
The two-headed ogre barely misses you. You furiously retaliate!
You headbutt the two-headed ogre. The two-headed ogre barely misses you.
You hit the two-headed ogre. You headbutt the two-headed ogre!
The two-headed ogre is severely wounded.
The two-headed ogre closely misses you.
The two-headed ogre hits you with a giant spiked club!
* * * LOW HITPOINT WARNING * * *
You slash the two-headed ogre!
The two-headed ogre is almost dead.
The two-headed ogre hits you with a dire flail!!
You die...

#.. #.....#
#..###.###.#
#...>..# #.#
#.##.### #.#
#.##.# #.#
#.##.# #.#
#.##.# #.#
##.##.#####.#
#......O@...#
#.#.#.#######
#...#.#
#.###.# #.
..# #. .## #.
#. #. #.


You could see a two-headed ogre.

Vanquished Creatures
  An ogre (D:4)
  A scorpion (D:4)
  An orc priest (D:3)
  Terence (D:3)
  An orc wizard (D:3)
  2 worker ants
  2 adders
  An adder skeleton (D:7)
  A worm (D:2)
  4 dart slugs
  2 leopard geckos (D:1)
  8 orcs (D:3)
  11 bats
  2 giant cockroaches
  6 goblins
  2 hobgoblins (D:1)
  8 jackals (D:1)
  8 kobolds
  A quokka (D:3)
  2 ball pythons
  4 frilled lizards
  5 rats
74 creatures vanquished.

Notes
Turn   | Place    | Note
-------+----------+-------------------------------------------
     0 | D:1      | Mrkan the Minotaur Fighter began the quest for the Orb.
     0 | D:1      | Reached XP level 1. HP: 19/19 MP: 0/0
    50 | D:1      | Reached XP level 2. HP: 23/27 MP: 1/1
   238 | D:1      | Reached XP level 3. HP: 33/33 MP: 2/2
   840 | D:2      | Reached XP level 4. HP: 19/40 MP: 3/3
  1513 | D:2      | Found a stormy altar of Qazlal.
  1514 | D:2      | Found a white marble altar of Elyvilon.
  1514 | D:2      | Found a deep blue altar of Sif Muna.
  1514 | D:2      | Found a shimmering altar of Xom.
  1532 | D:2      | Found a radiant altar of Vehumet.
  1726 | D:2      | Found a faded altar of an unknown god.
  1728 | D:2      | Became a worshipper of the Wu Jian Council
  1728 | D:2      | Reached * piety under Wu Jian
  1822 | D:3      | Noticed Terence
  1831 | D:3      | Killed Terence
  1831 | D:3      | Reached XP level 5. HP: 45/47 MP: 4/4
  2461 | D:3      | Reached skill level 5 in Shields
  2898 | D:3      | Reached skill level 5 in Armour
  3218 | D:4      | Noticed an ogre
  3222 | D:4      | Killed an ogre
  3222 | D:4      | Reached XP level 6. HP: 43/53 MP: 5/5
  3740 | D:4      | You fall through a shaft for 3 floors!
  3765 | D:7      | Noticed a two-headed ogre
  3780 | D:7      | Mangled by a two-headed ogre

Skill      XL: |  1  2  3  4  5 |
---------------+----------------+-----
Armour         | 4 5 |  5.6
Fighting       | 4 |  4.8
Shields        | 4 5 |  5.3
Axes           | 3 4 |  4.8
Stealth        | |  0.2

Action                   |  1- 3 |  4- 6 || total
-------------------------+-------+-------++-------
Melee: War axe           |    85 |   124 ||   209
       Headbutt          |    14 |    31 ||    45
Invok: Whirlwind         |       |     6 ||     6
       Lunge             |       |     8 ||     8
  Use: Scroll            |     2 |       ||     2
       Potion            |     1 |     2 ||     3
  Eat: Chunk             |       |     7 ||     7
       Ration            |       |     1 ||     1
Armor: Scale mail        |    49 |    52 ||   101
Dodge: Dodged            |    31 |    29 ||    60
Block: Shield            |    38 |    53 ||    91
